 Dungeon Crawl Stone Soup version 0.17-a0-670-g5d95ebd (webtiles) character file.

6299 oplop the Spear-Bearer (level 10, -4/72 (75) HPs)
             Began as a Merfolk Ice Elementalist on Apr 18, 2015.
             Was a Follower of Okawaru.
             Slain by a hill giant
             ... wielding a +0 giant club
              (33 damage)
             ... on level 10 of the Dungeon.
             The game lasted 00:27:37 (9670 turns).

oplop the Spear-Bearer (Merfolk Ice Elementalist)   Turns: 9670, Time: 00:27:38

HP:   -4/72 (75)    AC: 10    Str:  9    XL:     10   Next: 95%
MP:   2/22          EV: 18    Int: 16    God:    Okawaru [*.....]
Gold: 605           SH:  0    Dex: 18    Spells: 5 memorised, 11 levels left

rFire  . . .     SeeInvis .     w - +2 spear (freeze)
rCold  + . .     Clarity  .     G - +0 robe of Rotation {Dex+2} (curse)
rNeg   . . .     SustAb   .     (no shield)
rPois  .         Gourm    .     (helmet restricted)
rElec  .         Spirit   .     h - +2 cloak {+Inv}
rCorr  .         Warding  .     N - +1 pair of gloves
rMut   .         Stasis   +     C - +0 pair of boots
MR     +....                    t - amulet of stasis
Stlth  ++........               M - ring of protection from magic
                                l - ring of protection from cold

@: very slightly contaminated, somewhat resistant to hostile enchantments,
unstealthy
A: change form in water, swift swim, claws 1, horns 1, thin metallic scales 1,
sense surroundings 1, robust 2, spit poison 1, teleportitis 1, MP-powered wands
a: Spit Poison, Heroism, Renounce Religion, Evoke Invisibility


You were on level 10 of the Dungeon.
You worshipped Okawaru.
Okawaru was aware of your devotion.
You were hungry.

You visited 1 branch of the dungeon, and saw 10 of its levels.

You collected 605 gold pieces.

Inventory:

Hand weapons
 g - a +0 dagger
 m - a +2 dagger of freezing
 w - a +2 spear of freezing (weapon)
Armour
 h - a +2 cloak of invisibility (worn)
 C - a +0 pair of boots (worn)
 G - the cursed +0 robe of Rotation (worn) {Dex+2}
   (You found it on level 7 of the Dungeon)

   It affects your dexterity (+2).
   It has a curse placed upon it.
 N - a +1 pair of gloves (worn)
Jewellery
 l - a ring of protection from cold (left hand)
 n - an uncursed ring of protection from cold
 t - an amulet of stasis (around neck)
 y - an uncursed ring of see invisible
 M - a ring of protection from magic (right hand)
Magical devices
 k - a wand of draining (10)
 z - a wand of flame (27)
 E - a wand of random effects (28)
 H - a wand of draining (0)
 J - a wand of paralysis (9)
 K - a wand of enslavement (13)
Scrolls
 d - 2 scrolls of identify
 f - 3 scrolls of recharging
 j - 4 scrolls of remove curse
 o - 2 scrolls of immolation
 p - 6 scrolls of teleportation
 u - a scroll of blinking
 L - a scroll of amnesia {unknown}
Potions
 a - a potion of lignification {unknown}
 e - a potion of agility
 i - 2 potions of curing
 q - a potion of heal wounds {unknown}
 r - a potion of brilliance
 s - 2 potions of might
 B - a potion of ambrosia {unknown}
 F - a potion of invisibility {unknown}
 I - 2 potions of restore abilities
 O - 2 potions of haste
Books
 b - a book of Frost

   Spells                             Type                      Level
   a - Freeze                         Ice                          1
   b - Throw Frost                    Conjuration/Ice              2
   c - Ozocubu's Armour               Charms/Ice                   3
   d - Throw Icicle                   Conjuration/Ice              4
   e - Summon Ice Beast               Ice/Summoning                4
   f - Condensation Shield            Ice                          4
 x - a book of Fire

   Spells                             Type                      Level
   a - Ignite Poison                  Fire/Transmutation           5
   b - Fireball                       Conjuration/Fire             5
   c - Bolt of Fire                   Conjuration/Fire             6
   d - Delayed Fireball               Conjuration/Fire             7
   e - Ring of Flames                 Charms/Fire                  7
Comestibles
 c - 9 bread rations
 v - a chunk of flesh
 A - 9 slices of pizza
 D - 2 beef jerkies


   Skills:
 * Level 11.2 Polearms
 + Level 8.4 Dodging
 - Level 2.1 Stealth
 + Level 8.4 Spellcasting
 - Level 0.7 Conjurations
 + Level 10.4 Ice Magic


You had 11 spell levels left.
You knew the following spells:

 Your Spells              Type           Power        Failure   Level  Hunger
a - Freeze                Ice            ####         1%          1    None
b - Ozocubu's Armour      Chrm/Ice       ###.....     4%          3    #......
c - Condensation Shield   Ice            #####.....   1%          4    ###....
d - Throw Frost           Conj/Ice       ###...       1%          2    None
e - Summon Ice Beast      Ice/Summ       ###.....     14%         4    ###....


Dungeon Overview and Level Annotations

Branches:
Dungeon (10/15)            Temple (0/1) D:4             Orc (0/4) D:9
   Lair: D:8-11

Altars:
Dithmenos
Gozag
Kikubaaqudgha
Okawaru
Qazlal
Ru
Xom
Yredelemnul
Zin


Innate Abilities, Weirdness & Mutations

You revert to your normal form in water.
You are very nimble and swift while swimming.
You have sharp fingernails.
You have a pair of small horns on your head.
You are partially covered in thin metallic scales (AC +2).
You passively map a small area around you.
You are very robust (+20% HP).
You can spit weak poison.
You are occasionally teleported to nearby monsters.
You expend magic power (3 MP) to strengthen your wands.


Message History

a stone; 2 bolts Your ice beast barely misses the hill giant.
The hill giant completely misses your ice beast.
You see here 2 bolts.
Your ice beast hits the hill giant.
Your ice beast freezes the hill giant!
The hill giant hits your ice beast with a giant club!!
Your ice beast dies!
Casting: Freeze
Confirm with . or Enter, or press ? or * to list all spells.
You miscast Summon Ice Beast.
You are very lightly contaminated with residual magic.
Your head hurts.
Casting: Summon Ice Beast
Confirm with . or Enter, or press ? or * to list all spells.
A chill wind blows around you.
You hit the hill giant. You freeze the hill giant. You headbutt the hill giant.
The hill giant is severely wounded.
Your ice beast barely misses the hill giant.
The hill giant hits you with a giant club!!
You die...

.# #.......# , , . * #.......#
# #.......# ... ######
##.......*,.... .....#
,+.....>.##.....# , .....#
,#.....†÷'......# , .....# ,
#.......#......# ,
.....####+##....Y.)########...
.............((.@CK(())....!..
,
................##############,
#########.......#
........#.......# *
........#.......#
........#.......# , ,
.....####.....>.# ,
.....#...).>....#
#....#..........##### , ,


You could see a hill giant, a kobold and a friendly ice beast.

Vanquished Creatures
  Pikel (D:6)
  A two-headed ogre (D:9)
  A deep elf mage (D:10)
  2 humans (D:9)
  2 yaks (D:7)
  A hungry ghost (D:10)
  Edmund (D:4)
  A water moccasin (D:9)
  Duvessa (D:7)
  A black bear (D:6)
  An ice beast (D:7)
  A sky beast (D:6)
  A human zombie (D:8)
  2 ogres
  A centaur (D:9)
  3 necrophages
  A big kobold (D:10)
  2 giant frogs
  Dowan (D:7)
  4 scorpions
  3 killer bees (D:10)
  A water moccasin skeleton (D:7)
  2 electric eels (D:6)
  3 jellies
  5 crimson imps
  2 centaur zombies
  A giant frog zombie (D:8)
  2 centaur skeletons
  2 orc priests
  Ijyb (D:3)
  4 hounds
  3 orc wizards
  3 iguanas
  9 worker ants
  2 sheep (D:7)
  A hound skeleton (D:5)
  16 adders
  7 gnolls
  3 shadow imps
  2 oozes (D:4)
  2 adder zombies
  2 adder skeletons
  24 orcs
  A ball python (D:4)
  19 bats
  A bat skeleton (D:4)
  A bat zombie (D:6)
  8 giant cockroaches
  7 goblins
  9 hobgoblins
  13 jackals
  16 kobolds
  2 quokkas
  2 giant geckos
  6 giant newts
  2 giant spores
  A quokka zombie (D:5)
  14 rats
  A rat zombie (D:8)
  A ballistomycete (D:6)
  A butterfly (D:7)
  A fungus (D:9)
235 creatures vanquished.

Vanquished Creatures (collateral kills)
  Erica (D:8)
  An ugly thing (D:8)
  A wraith (D:10)
  A human (D:7)
  A gnoll shaman (D:7)
  2 orc warriors (D:8)
  An ice beast (D:10)
  An ogre (D:10)
  2 phantoms
  A centaur (D:9)
  A gnoll sergeant (D:7)
  A scorpion (D:7)
  A killer bee (D:10)
  A centaur zombie (D:7)
  A centaur skeleton (D:8)
  A worker ant (D:10)
  A worker ant zombie (D:8)
  3 orcs (D:8)
  2 kobolds
  A rat (D:8)
25 creatures vanquished.

Vanquished Creatures (others)
  12 ice beasts
  A necrophage (D:7)
  4 slaves (D:7)
  A human (D:7)
  An electric eel (D:6)
  2 gnolls (D:7)
  A ball python (D:5)
  3 bats (D:7)
  A giant spore (D:6)
  A kobold (D:7)
  A fungus (D:9)
28 creatures vanquished.

Grand Total: 288 creatures vanquished

Notes
Turn   | Place    | Note
--------------------------------------------------------------
     0 | D:1      | oplop, the Merfolk Ice Elementalist, began the quest for the Orb.
     0 | D:1      | Reached XP level 1. HP: 13/13 MP: 3/3
   171 | D:1      | Reached XP level 2. HP: 10/19 MP: 0/5
   918 | D:1      | Reached skill level 4 in Ice Magic
  1196 | D:1      | Reached XP level 3. HP: 17/24 MP: 6/6
  1651 | D:2      | You fall through a shaft!
  1652 | D:3      | Noticed Ijyb
  1659 | D:3      | Killed Ijyb
  1659 | D:3      | Reached XP level 4. HP: 20/30 MP: 2/8
  2684 | D:3      | Reached XP level 5. HP: 35/35 MP: 6/10
  2685 | D:3      | Gained mutation: You are occasionally teleported to nearby monsters. [potion of mutation]
  2685 | D:3      | Gained mutation: You can spit weak poison. [potion of mutation]
  2685 | D:3      | Gained mutation: You expend magic power (3 MP) to strengthen your wands. [potion of mutation]
  2976 | D:3      | Reached skill level 5 in Ice Magic
  3115 | D:3      | Learned a level 3 spell: Ozocubu's Armour
  3547 | D:3      | Gained mutation: You are robust (+10% HP). [potion of mutation]
  3547 | D:3      | Gained mutation: You are partially covered in thin metallic scales (AC +2). [potion of mutation]
  3547 | D:3      | Gained mutation: You passively map a small area around you. [potion of mutation]
  3864 | D:4      | Reached XP level 6. HP: 27/45 MP: 7/12
  4410 | D:4      | Found a staircase to the Ecumenical Temple.
  4420 | D:4      | Reached skill level 6 in Ice Magic
  4499 | D:4      | Reached XP level 7. HP: 38/50 MP: 9/14
  4513 | D:4      | Reached skill level 5 in Spellcasting
  4574 | D:4      | Found a runed door.
  4593 | D:4      | Noticed Edmund
  4608 | D:4      | Killed Edmund
  4691 | D:5      | Entered Level 5 of the Dungeon
  4729 | D:5      | Reached skill level 7 in Ice Magic
  4891 | D:5      | Found a stormy altar of Qazlal.
  5239 | D:5      | Reached XP level 8. HP: 44/55 MP: 9/16
  5251 | D:5      | Found a shadowy altar of Dithmenos.
  5540 | D:5      | Learned a level 4 spell: Condensation Shield
  5543 | D:5      | Learned a level 2 spell: Throw Frost
  5548 | D:5      | Learned a level 4 spell: Summon Ice Beast
  5578 | D:6      | Reached skill level 8 in Ice Magic
  6152 | D:6      | Reached skill level 1 in Polearms
  6167 | D:6      | Gained mutation: You are very robust (+20% HP). [potion of mutation]
  6167 | D:6      | Gained mutation: You have a pair of small horns on your head. [potion of mutation]
  6167 | D:6      | Gained mutation: You have sharp fingernails. [potion of mutation]
  6588 | D:7      | Noticed Dowan
  6786 | D:7      | Reached XP level 9. HP: 66/66 MP: 13/19
  6806 | D:7      | Found an ancient bone altar of Kikubaaqudgha.
  6829 | D:7      | Found a shimmering altar of Xom.
  6838 | D:7      | Noticed Duvessa
  6846 | D:7      | Killed Duvessa
  6846 | D:7      | Reached skill level 5 in Dodging
  6859 | D:7      | Killed Dowan
  6979 | D:7      | Noticed Pikel
  7024 | D:6      | Killed Pikel
  7024 | D:6      | Reached skill level 9 in Ice Magic
  7235 | D:7      | Got a slimy robe
  7246 | D:7      | Identified the cursed +0 robe of Rotation {Dex+2} (You found it on level 7 of the Dungeon)
  7774 | D:8      | Found a sacrificial altar of Ru.
  7774 | D:8      | Found a basalt altar of Yredelemnul.
  7849 | D:8      | Reached XP level 10. HP: 73/73 MP: 18/21
  7880 | D:8      | Noticed Erica
  7888 | D:8      | Noticed a red ugly thing
  7891 | D:8      | Killed Erica
  7959 | D:8      | Killed a red ugly thing
  8424 | D:8      | Found an opulent altar of Gozag.
  8671 | D:9      | Reached skill level 10 in Polearms
  8671 | D:9      | Reached skill level 10 in Ice Magic
  8845 | D:9      | Found an iron altar of Okawaru.
  8903 | D:9      | Became a worshipper of Warmaster Okawaru
  9248 | D:9      | Found a staircase to the Orcish Mines.
  9336 | D:9      | Found a glowing silver altar of Zin.
  9365 | D:10     | Entered Level 10 of the Dungeon
  9583 | D:10     | Reached skill level 11 in Polearms
  9618 | D:10     | Acquired Okawaru's first power
  9632 | D:10     | Noticed a hill giant
  9670 | D:10     | Slain by a hill giant

Action                   |  1- 3 |  4- 6 |  7- 9 | 10-12 || total
-------------------------+-------+-------+-------+-------++-------
Melee: Unarmed           |    12 |       |       |       ||    12
       Dagger            |    53 |   172 |   135 |       ||   360
       Spear             |       |       |   203 |   267 ||   470
 Cast: Freeze            |    35 |    68 |   111 |    40 ||   254
       Ozocubu's Armour  |       |     2 |    12 |     4 ||    18
       Throw Frost       |       |       |    23 |     2 ||    25
       Condensation Shie |       |       |     8 |     3 ||    11
       Summon Ice Beast  |       |       |    13 |    21 ||    34
 Abil: Spit Poison       |       |     1 |       |       ||     1
Evoke: Wand              |       |       |       |     2 ||     2
  Use: Scroll            |       |     8 |     4 |       ||    12
       Potion            |       |     5 |     1 |       ||     6
 Stab: Sleeping          |     4 |     2 |     4 |     8 ||    18
       Distracted        |       |       |     1 |     1 ||     2
  Eat: Chunk             |     3 |     1 |    12 |     4 ||    20
       Royal jelly       |       |     2 |     1 |       ||     3
       Meat ration       |       |     1 |       |       ||     1
       Fruit             |       |       |       |     5 ||     5
       Beef jerky        |       |       |       |     1 ||     1
